 Dungeon Crawl Stone Soup version 0.28-a0-1429-gf3d713df7a (webtiles) character file.

Game seed: 1737917678737919743

8712 tilp the Frost Mage (level 11, 49/49 HPs)
             Began as a Felid Ice Elementalist on Jan 8, 2022.
             Was a Priest of Vehumet.
             Quit the game on level 1 of the Lair of Beasts.
             The game lasted 00:29:57 (18217 turns).

tilp the Frost Mage (Felid Ice Elementalist)       Turns: 18217, Time: 00:29:58

Health: 49/49      AC:  3    Str:  4    XL:     11   Next: 13%
Magic:  22/22      EV: 44    Int: 21    God:    Vehumet [***...]
Gold:   851        SH:  0    Dex: 17    Spells: 2/24 levels left
                                        Lives:  1   Deaths: 2

rFire   . . .      SeeInvis +     - Unarmed
rCold   + . .      Faith    .   (shield unavailable)
rNeg    . . .      Spirit   .   (armour unavailable)
rPois   .          Reflect  .   (helmet unavailable)
rElec   .          Harm     .   (cloak unavailable)
rCorr   .          Rampage  .   (gloves unavailable)
Will    +....                   (boots unavailable)
Stlth   ++++......              b - amulet of the acrobat
HPRegen 0.16/turn               p - +4 ring of evasion
MPRegen 0.18/turn               s - +4 ring of evasion

@: acrobatic, quick
A: very small, claws 1, fangs 3, see invisible, speed 1, shaggy fur 3, stealthy
paws, no weapons or thrown items, no armour, multi-lived
a: Renounce Religion


You were on level 1 of the Lair of Beasts.
You worshipped Vehumet.
Vehumet was most pleased with you.
You visited 3 branches of the dungeon, and saw 13 of its levels.
You also visited: Ossuary.

You collected 851 gold pieces.

Inventory:

Jewellery
 b - an amulet of the acrobat (around neck)
 p - a +4 ring of evasion (left paw)
 s - a +4 ring of evasion (right paw)
Wands
 e - a wand of iceblast (11)
 g - a wand of polymorph (10)
 l - a wand of digging (4)
 q - a wand of mindburst (10)
 t - a wand of acid (5)
 x - a wand of flame (3)
Scrolls
 a - 3 scrolls of noise
 c - a scroll of fear
 d - a scroll of amnesia
 m - a scroll of fog
 y - 2 scrolls of teleportation
 z - 2 scrolls of identify
Potions
 f - 2 potions of magic
 h - 2 potions of mutation
 i - a potion of degeneration {unknown}
 j - 2 potions of curing
 k - 3 potions of haste
 n - 3 potions of might
 o - 4 potions of flight {unknown}
 r - a potion of invisibility {unknown}
 u - a potion of attraction {unknown}
 v - a potion of resistance {unknown}
 w - a potion of cancellation {unknown}


   Skills:
 + Level 6.4 Fighting
 + Level 6.8 Dodging
 + Level 8.7 Stealth
 + Level 6.4 Unarmed Combat
 - Level 7.0 Spellcasting
 - Level 8.0 Conjurations
 - Level 10.0 Ice Magic
 + Level 6.5 Evocations


You had 2 spell levels left.
You knew the following spells:

 Your Spells              Type           Power      Damage    Failure   Level
a - Freeze                Ice            100%       1d11      1%          1
b - Frozen Ramparts       Ice            98%        1d11      1%          3
c - Ozocubu's Armour      Ice            49%        N/A       1%          3
d - Hailstorm             Conj/Ice       45%        3d10      1%          4
e - Searing Ray           Conj           80%        2d7       1%          2
f - Freezing Cloud        Conj/Ice/Air   16%        6-21      5%          5
g - Iskenderun's Mystic   Conj/Tloc      24%        2d7       4%          4

Your spell library contained the following spells:

 Spells                   Type           Power      Damage    Failure   Level
 Animate Skeleton         Necr           14%        N/A       9%          1
 Pain                     Necr           28%        1d5       9%          1
 Vampiric Draining        Necr           7%         2d6       26%         3
 Ozocubu's Refrigeration  Ice            24%        4d9       30%         7
 Simulacrum               Ice/Necr       14%        N/A       86%         6
 Polar Vortex             Ice            24%        N/A       100%        9


Dungeon Overview and Level Annotations

Branches:
Dungeon (11/15)            Temple (1/1) D:4            Lair (1/6) D:11
    Orc (0/2) D:9         Ossuary (visited)

Altars:
Ashenzari
Cheibriados
Dithmenos
Elyvilon
Fedhas
Gozag
Hepliaklqana
Kikubaaqudgha
Makhleb
Nemelex Xobeh
Okawaru
Qazlal
Ru
Sif Muna
Trog
Uskayaw
Vehumet
Wu Jian
Xom
Yredelemnul
Zin
The Shining One

Shops:
D:11 [

Annotations:
D:8 Psyche
D:10 exclusions: boulder beetle, centaur warrior, hydra, rakshasa and tengu warrior
D:11 exclusion: obsidian statue


Innate Abilities, Weirdness & Mutations

You have sharp claws.
You have razor-sharp teeth.
You have supernaturally acute eyesight. (SInv)
You cover ground quickly. (Speed+)
Your thick and shaggy fur keeps you warm. (AC +3, rC+)
Your paws help you pounce on unaware monsters.
You are incapable of wielding weapons or throwing items.
You cannot wear armour.
You gain extra lives every three experience levels.


Message History

Confirm with . or Enter, or press ? or * to list all spells.
A film of ice covers your body!
Unknown command.
Casting: Ozocubu's Armour (safe; 1% risk of failure)
Confirm with . or Enter, or press ? or * to list all spells.
Casting: Frozen Ramparts (safe; 1% risk of failure)
Press: ? - help, Dir - look around, f - activate The walls around you are covered in ice.
Unknown command.
The wall freezes the cane toad.
The wall freezes the cane toad.
The cane toad closely misses you.
You scratch the cane toad but do no damage.
You bite the cane toad, but do no damage.
The cane toad is lightly wounded.
The wall freezes the cane toad!
The cane toad completely misses you.
You completely miss the cane toad.
The cane toad is heavily wounded.
The wall freezes the cane toad!
The cane toad stings you but does no damage.
You scratch the cane toad.
You bite the cane toad, but do no damage.
The cane toad is severely wounded.
The wall freezes the cane toad!
The cane toad seems to slow down.
The cane toad completely misses you.
You barely miss the cane toad. You bite the cane toad.
You kill the cane toad!
Vehumet accepts your kill.
You feel your power returning.
No target in view!
No target in view!
Unknown command.
The frozen ramparts melt away.
Magic restored.
Your icy armour cracks and falls away as you move.
An eight-headed hydra is nearby!
An eight-headed hydra is nearby!
An eight-headed hydra is nearby!
An eight-headed hydra is nearby!
Found 28 arrows.
Are you sure you want to abandon this character and quit the game? (Confirm with "yes".)

##.# #.# ##.#
##..# ##.#.##
##..#..######..
##..............
#..........#####
#.....@.####
......#
#.........#
.......
#.........(#
.......
...........#
.......
...........#
.......
.D..........
.......
............#
.....$.
..(.........#
......#


You could see an eight-headed hydra (wandering).

Vanquished Creatures
  A boulder beetle (D:7)
  Harold (D:8)
  A centaur warrior (D:11)
  2 two-headed ogres (D:9)
  A deep elf pyromancer (D:10)
  2 cyclopes
  A manticore (D:11)
  A gargoyle (D:11)
  A cane toad (Lair:1)
  An unseen horror (D:10)
  3 kobold demonologists
  2 trolls (D:10)
  Prince Ribbit (D:7)
  A blink frog (Lair:1)
  A shadow (D:9)
  A wyvern (D:11)
  16 yaks
  3 basilisks (D:11)
  A steam dragon (D:8)
  2 acid dragons
  5 water moccasins
  2 orc warriors
  3 black bears
  An ice beast (D:7)
  A hornet zombie (D:6)
  A necrophage (D:5)
  5 ogres
  2 wolves (D:11)
  7 centaurs
  4 kobold brigands
  2 bullfrogs
  3 scorpions
  2 gnoll sergeants
  A water moccasin skeleton (D:5)
  17 killer bees
  8 howler monkeys
  6 hounds
  A bullfrog skeleton (D:6)
  6 centaur zombies
  2 centaur skeletons
  2 gnoll shamans (D:7)
  7 orc priests
  5 iguanas
  Ijyb (D:3)
  12 orc wizards
  A killer bee zombie (D:5)
  3 hound skeletons
  5 mummies (Ossuary)
  16 gnolls
  4 adders
  A howler monkey skeleton (D:6)
  A white imp (D:7)
  An adder skeleton (D:5)
  2 worms (D:2)
  3 dart slugs
  12 orcs
  7 bats
  4 endoplasms
  4 giant cockroaches
  6 goblins
  A hobgoblin (D:2)
  2 jackals (D:2)
  4 quokkas
  7 ball pythons
  4 frilled lizards
  4 hobgoblin zombies (Ossuary)
  9 kobolds
  3 rats
253 creatures vanquished.

Vanquished Creatures (collateral kills)
  A death knight (D:10)
1 creature vanquished.

Vanquished Creatures (others)
  6 fungi
  25 plants
31 creatures vanquished.

Grand Total: 285 creatures vanquished

Notes
Turn   | Place    | Note
-------+----------+-------------------------------------------
     0 | D:1      | tilp the Felid Ice Elementalist began the quest for the
                  | Orb.
     0 | D:1      | Reached XP level 1. HP: 7/7 MP: 4/4
   498 | D:1      | Reached XP level 2. HP: 11/11 MP: 6/6
   554 | D:1      | Reached skill level 4 in Ice Magic
   760 | D:1      | Found a faded altar of an unknown god.
  1502 | D:2      | Reached XP level 3. HP: 9/14 MP: 4/7
  1508 | D:2      | Learned a level 3 spell: Frozen Ramparts
  2655 | D:2      | Learned a level 3 spell: Ozocubu's Armour
  2693 | D:2      | Reached XP level 4. HP: 15/18 MP: 0/9
  3328 | D:3      | Noticed Ijyb
  3333 | D:3      | Killed Ijyb
  3334 | D:3      | Reached skill level 5 in Ice Magic
  4239 | D:4      | Reached XP level 5. HP: 21/21 MP: 6/10
  4776 | D:4      | You fall into a shaft and drop 2 floors!
  4877 | D:5      | Entered Level 5 of the Dungeon
  4916 | D:5      | Reached skill level 6 in Ice Magic
  4916 | D:5      | Gained mutation: You are covered in thick fur. (AC +2)
                  | [Felid growth]
  4916 | D:5      | Reached XP level 6. HP: 25/25 MP: 1/11
  4921 | D:5      | Found a sand-covered staircase.
  4934 | Ossuary  | Entered an ossuary
  4971 | Ossuary  | Reached skill level 1 in Unarmed Combat
  4971 | Ossuary  | Reached skill level 1 in Evocations
  4978 | Ossuary  | Reached skill level 1 in Fighting
  5567 | D:5      | Reached XP level 7. HP: 21/29 MP: 2/12
  5603 | D:5      | Reached skill level 5 in Stealth
  5862 | D:5      | Learned a level 4 spell: Hailstorm
  6028 | D:4      | Found a staircase to the Ecumenical Temple.
  6042 | Temple   | Entered the Ecumenical Temple
  6789 | D:5      | Reached XP level 8. HP: 32/33 MP: 7/13
  7144 | D:6      | Reached skill level 1 in Conjurations
  7259 | D:6      | Found an ancient bone altar of Kikubaaqudgha.
  7336 | D:6      | Found an opulent altar of Gozag.
  7522 | D:6      | Found a broken altar of Ashenzari.
  7555 | D:6      | Found a radiant altar of Vehumet.
  7645 | D:6      | Became a worshipper of Vehumet
  7645 | D:6      | Engulfed by a cloud of flame
  7646 | D:6      | Reached XP level 7. HP: 0/30 MP: 13/13
  7774 | D:7      | Found a blossoming altar of Fedhas.
  8015 | D:7      | Found a hazy altar of Hepliaklqana.
  8015 | D:7      | Noticed Prince Ribbit
  8039 | D:7      | Killed Prince Ribbit
  8040 | D:7      | Reached XP level 8. HP: 10/33 MP: 0/15
  8419 | D:7      | Found a hide-covered altar of Uskayaw.
  8447 | D:7      | Reached skill level 7 in Ice Magic
  8630 | D:7      | Reached skill level 5 in Spellcasting
  8994 | D:7      | Reached XP level 9. HP: 28/36 MP: 2/17
  9155 | D:7      | Noticed a boulder beetle
  9162 | D:7      | Killed a boulder beetle
  9163 | D:7      | Reached skill level 8 in Ice Magic
  9427 | D:7      | Reached skill level 5 in Dodging
  9719 | D:7      | Reached * piety under Vehumet
  9719 | D:7      | Offered knowledge of Foxfire by Vehumet.
  9749 | D:7      | Reached skill level 5 in Evocations
 10215 | D:7      | Reached skill level 5 in Unarmed Combat
 10267 | D:7      | Noticed a kobold demonologist
 10271 | D:7      | Killed a kobold demonologist
 10904 | D:7      | Reached XP level 10. HP: 42/42 MP: 10/18
 11243 | D:8      | Noticed Psyche
 11346 | D:8      | Noticed Harold
 11635 | D:8      | Killed Harold
 11895 | D:8      | Found a shimmering blue altar of Sif Muna.
 12061 | D:9      | Reached skill level 5 in Fighting
 12061 | D:9      | Reached ** piety under Vehumet
 12090 | D:9      | Offered knowledge of Poisonous Vapours by Vehumet.
 12442 | D:9      | Noticed a two-headed ogre
 12450 | D:9      | Killed a two-headed ogre
 13015 | D:9      | Noticed a two-headed ogre
 13042 | D:9      | Killed a two-headed ogre
 13209 | D:9      | Found a staircase to the Orcish Mines.
 13338 | D:9      | Reached skill level 5 in Conjurations
 13508 | D:10     | Entered Level 10 of the Dungeon
 13525 | D:10     | Reached XP level 11. HP: 48/48 MP: 17/21
 13821 | D:10     | Noticed a five-headed hydra
 13821 | D:10     | Noticed a centaur warrior
 13839 | D:10     | Noticed a deep elf pyromancer
 13864 | D:10     | Killed a deep elf pyromancer
 13969 | D:10     | Reached skill level 9 in Ice Magic
 14264 | D:10     | Noticed a death knight
 14276 | D:10     | HP: 2/48 [death knight (24)]
 14286 | D:10     | Killed a death knight
 14602 | D:10     | Noticed a rakshasa
 14602 | D:10     | Noticed a boulder beetle
 14602 | D:10     | Noticed a tengu warrior
 14623 | D:10     | Offered knowledge of Searing Ray by Vehumet.
 15173 | D:11     | Noticed a sun demon
 15176 | D:11     | Reached *** piety under Vehumet
 15179 | D:11     | Noticed a centaur warrior
 15200 | D:10     | Reached skill level 10 in Ice Magic
 15457 | D:11     | Found a staircase to the Lair.
 15579 | D:10     | Learned a level 2 spell: Searing Ray
 15585 | D:10     | Learned a level 5 spell: Freezing Cloud
 15787 | D:11     | Noticed an obsidian statue
 15881 | D:11     | Killed a centaur warrior
 15881 | D:11     | Offered knowledge of Iskenderun's Mystic Blast by Vehumet.
 15887 | D:11     | Learned a level 4 spell: Iskenderun's Mystic Blast
 17167 | D:11     | Gained mutation: Your thick and shaggy fur keeps you warm.
                  | (AC +3, rC+) [Felid growth]
 17167 | D:11     | Reached XP level 12. HP: 36/52 MP: 7/23
 17385 | D:11     | Found Duirch's Armour Shoppe.
 18079 | D:11     | Identified the +6 war axe "Ruogenla" {flame, Dex+3}
 18080 | D:11     | Identified the +6 plate armour "Qytir Zew" {rPois rCorr}
 18095 | Lair:1   | Entered Level 1 of the Lair of Beasts
 18095 | Lair:1   | Noticed an eight-headed hydra
 18103 | Lair:1   | Slain by an eight-headed hydra
 18104 | Lair:1   | Reached XP level 11. HP: -1/49 MP: 22/22
 18217 | Lair:1   | Quit the game

Illustrated notes

Levels and vault maps discovered:
D:1:      sevenhm_arrival_forest_fort_small_4, layout_loops_ring,
          shapermc_ecumenical_altar_mp_ritualfount
D:2:      layout_rooms, minmay_hedge_maze
D:3:      layout_basic, uniq_ijyb
D:4:      layout_gridville, minmay_temple_entry_wispy
D:5:      layout_rooms, nicolae_ossuary_entry_monument
D:6:      layout_loops_cross, mainiacjoe_overflow_alcove_2, fiery_altar_vehumet,
          general_overflow_altar, kiku_gazebo_pond_becter
D:7:      lemuel_castle_with_subvaults [lemuel_castle_interior_original],
          layout_gridville, mainiacjoe_overflow_catwalk,
          mainiacjoe_overflow_24_doors, mainiacjoe_overflow_chevrons,
          uniq_prince_ribbit1
D:8:      layout_basic, mainiacjoe_overflow_alcove_4, fungi_pond_lemuel,
          uniq_psyche, uniq_harold
D:9:      layout_roguey, orc_0_dummy, grunt_ogre_cave
D:10:     layout_rooms, minmay_shattered_shrine
D:11:     layout_small_grid, minmay_lair_entry_grove, serial_shops,
          nicolae_shop_hallway_plus, minivault_16
Temple:   nicolae_temple_great_sept
Lair:1:   layout_cave_pods

Skill      XL: |  1  2  3  4  5  6  7  8  9 10 11 |
---------------+----------------------------------+-----
Ice Magic      | 4 5 6 7 8 10 | 10.0
Spellcasting   | 3 4 5 6 7 |  7.0
Stealth        | 3 4 6 7 8 |  8.7
Dodging        | 3 4 5 6 |  6.8
Unarmed Combat | 1 3 4 5 6 |  6.4
Evocations     | 2 3 4 5 6 |  6.5
Fighting       | 1 2 3 6 |  6.4
Conjurations   | 2 4 5 8 |  8.0

Action                   |  1- 3 |  4- 6 |  7- 9 | 10-12 || total
-------------------------+-------+-------+-------+-------++-------
Melee: Unarmed           |    28 |    87 |   158 |   152 ||   425
       Bite              |     6 |     7 |    25 |    23 ||    61
       Punch             |     2 |     2 |     5 |     9 ||    18
 Cast: Freeze            |    44 |    23 |    50 |    15 ||   132
       Frozen Ramparts   |     4 |     8 |    42 |    41 ||    95
       Ozocubu's Armour  |     1 |     8 |    40 |    44 ||    93
       Hailstorm         |       |       |     8 |    52 ||    60
       Freezing Cloud    |       |       |       |     3 ||     3
       Searing Ray       |       |       |       |     1 ||     1
Evoke: Wand              |       |     8 |     7 |     8 ||    23
  Use: Scroll            |     3 |     9 |     3 |     4 ||    19
       Potion            |       |     3 |     2 |     2 ||     7
 Stab: Sleeping          |     4 |     4 |     5 |     7 ||    20
Armor: Skin              |     7 |    42 |    32 |    37 ||   118
Dodge: Dodged            |    40 |    79 |   235 |   288 ||   642

Table legend: (Time is in decaauts)
 A = Elapsed time spent in this place.
 B = Non-inter-level travel time spent in this place.
 C = Inter-level travel time spent in this place.
 D = Time resting spent in this place.
 E = Time spent auto-exploring this place.
 F = Levels seen in this place.
 G = Mean time per level.
                   A        B        C        D        E       F      G
               +--------+--------+--------+--------+--------+-----+--------+
         Total |  16778 |  16232 |    546 |   6499 |   7267 |  14 | 1198.4 |
       Dungeon |  16020 |  15483 |    537 |   6030 |   7109 |  11 | 1456.4 |
        Temple |     69 |     60 |      9 |      0 |     50 |   1 |   69.0 |
          Lair |    102 |    102 |      0 |      0 |     81 |   1 |  102.0 |
       Ossuary |    586 |    586 |      0 |    469 |     26 |   1 |  586.0 |
               +--------+--------+--------+--------+--------+-----+--------+

Top non-repeatable levels by time:
     D:7: 2837 daAuts
    D:11: 2385 daAuts
    D:10: 1794 daAuts
     D:1: 1676 daAuts
     D:9: 1514 daAuts
     D:2: 1279 daAuts
     D:4: 1143 daAuts
     D:6: 966 daAuts
     D:3: 844 daAuts
     D:8: 807 daAuts
     D:5: 769 daAuts
 Ossuary: 586 daAuts
  Lair:1: 102 daAuts
  Temple: 69 daAuts
